 Dungeon Crawl Stone Soup version 0.32-a0-968-g61e5eb5241 (webtiles) character file.

Game seed: 17248524637152399960

1056 DryNick the Digger (level 8, -21/67 HPs)
             Began as a Mountain Dwarf Earth Elementalist on Apr 18, 2024.
             Was an Initiate of Vehumet.
             Demolished by an ogre
             ... wielding a +0 giant club
              (24 damage)
             ... on level 6 of the Dungeon.
             The game lasted 00:17:37 (6068 turns).

DryNick the Digger (MDEE)                           Turns: 6068, Time: 00:17:37

Health: -21/67     AC:  9    Str: 11    XL:     8   Next: 6%
Magic:  1/13       EV:  9    Int: 18    God:    Vehumet [......]
Gold:   136        SH:  0    Dex: 10    Spells: 10/14 levels left

rFire   . . .        h - +3 war axe
rCold   . . .        (no shield)
rNeg    . . .        f - +0 ring mail
rPois   +            (no helmet)
rElec   .            (no cloak)
rCorr   .            p - +1 pair of gloves
SInv    .            s - +0 pair of boots
Will    .....        (no amulet)
Stlth   +            m - ring of poison resistance
HPRegen 0.31/turn    (no ring)
MPRegen 0.13/turn

%: no passive effects
@: very slightly contaminated
A: runic magic, artefact enchanting, subdued magic 1, MP-powered wands
a: Renounce Religion


You were on level 6 of the Dungeon.
You worshipped Vehumet.
Vehumet was noncommittal.
You visited 2 branches of the dungeon, and saw 7 of its levels.

You collected 136 gold pieces.

Inventory:

Hand Weapons
 h - a +3 war axe (weapon)
 i - a +4 dagger of venom
 t - a +2 dagger of draining
 v - a +1 whip of venom
 w - a +0 flail of holy wrath
Armour
 a - a +0 robe
 f - a +0 ring mail (worn)
 p - a +1 pair of gloves (worn)
 s - a +0 pair of boots (worn)
Jewellery
 m - a ring of poison resistance (left hand)
Wands
 r - a wand of light (7)
 u - a wand of digging (8)
Scrolls
 c - a scroll of immolation
 d - a scroll of amnesia
 g - a scroll of summoning {unknown}
 n - 2 scrolls of revelation
 o - 3 scrolls of enchant armour
 q - a scroll of brand weapon {unknown}
Potions
 b - a potion of magic
 e - a potion of lignification {unknown}
 l - a potion of enlightenment


   Skills:
 + Level 4.3 Fighting
 + Level 4.2 Armour
 - Level 1.4 Dodging
 - Level 1.4 Stealth
 + Level 3.8 Spellcasting
 - Level 1.0 Conjurations
 * Level 7.3 Earth Magic


You had 10 spell levels left.
You knew the following spells:

 Your Spells              Type           Power      Damage    Failure   Level
a - Sandblast             Erth           44%        2d11      1%          1
b - Stone Arrow           Conj/Erth      28%        3d8       8%          3

Your spell library contained the following spells:

 Spells                   Type           Power      Damage    Failure   Level
 Passwall                 Erth           22%        N/A       1%          3
 Scorch                   Fire           4%         2d5       22%         2
 Brom's Barrelling Bould  Conj/Erth      14%        2d4       28%         4
 Petrify                  Alch/Erth      12%        N/A       32%         4
 Inner Flame              Hex/Fire       2%         N/A       43%         3
 Summon Ice Beast         Ice/Summ       2%         N/A       43%         3
 Flame Wave               Conj/Fire      4%         2d5       78%         4
 Irradiate                Conj/Alch      2%         3d12      98%         5
 Summon Mana Viper        Hex/Summ       2%         N/A       99%         5
 Summon Cactus Giant      Summ           1%         N/A       100%        6
 Monstrous Menagerie      Summ           1%         N/A       100%        7
 Ignition                 Fire           1%         3d3       100%        8


Dungeon Overview and Level Annotations

Branches:
Dungeon (6/15)             Temple (1/1) D:4

Altars:
Ashenzari
Cheibriados
Dithmenos
Elyvilon
Gozag
Hepliaklqana
Kikubaaqudgha
Makhleb
Nemelex Xobeh
Okawaru
Qazlal
Ru
Sif Muna
Uskayaw
Vehumet
Wu Jian
Xom
Yredelemnul

Annotations:
D:3 2 transporters


Innate Abilities, Weirdness & Mutations

Your spellcasting is much less encumbered by armour.
You can use scrolls of enchantment on lesser artefacts.
Your spells are a little easier to cast, but a little less powerful.
You expend magic power (3 MP) to strengthen your wands.


Message History

You are very lightly contaminated with residual magic.
Nothing appears to happen.
The ogre hits you with a +0 giant club!
Casting: Stone Arrow (dangerous; 8% risk of failure)
Confirm with . or Enter, or press ? or * to list all spells.
Aiming: Stone Arrow (dangerous; 8% risk of failure)
Press: ? - help, Shift-Dir - straight line, f/p - ogre
Aim: an ogre, wielding a +0 giant club (moderately wounded, 85% to hit)
The stone arrow hits the ogre!
The ogre is heavily wounded.
Casting: Stone Arrow (dangerous; 8% risk of failure)
Confirm with . or Enter, or press ? or * to list all spells.
Aiming: Stone Arrow (dangerous; 8% risk of failure)
Press: ? - help, Shift-Dir - straight line, f/p - ogre
Aim: an ogre, wielding a +0 giant club (heavily wounded, 85% to hit)
The stone arrow misses the ogre.
The ogre barely misses you.
Casting: Stone Arrow (dangerous; 8% risk of failure)
Confirm with . or Enter, or press ? or * to list all spells.
Aiming: Stone Arrow (dangerous; 8% risk of failure)
Press: ? - help, Shift-Dir - straight line, f/p - ogre
Aim: an ogre, wielding a +0 giant club (heavily wounded, 85% to hit)
You miscast Stone Arrow.
Nothing appears to happen.
The ogre closely misses you.
Casting: Stone Arrow (dangerous; 8% risk of failure)
Confirm with . or Enter, or press ? or * to list all spells.
Aiming: Sandblast (safe; 1% risk of failure)
Press: ? - help, Shift-Dir - straight line, f/p - ogre
Aim: an ogre, wielding a +0 giant club (heavily wounded, 92% to hit)
The blast of sand hits the ogre!
The ogre is almost dead.
The ogre hits you with a +0 giant club!
* * * LOW HITPOINT WARNING * * *
You hit the ogre.
The ogre is almost dead.
The ogre hits you with a +0 giant club!
* * * LOW HITPOINT WARNING * * *
Unknown command.
You barely miss the ogre.
The ogre is almost dead.
The ogre hits you with a +0 giant club!!
You die...

## .
##.
#..
#.#
#.#
#.#
#@#
#O#
#..
####


You could see an ogre.

Vanquished Creatures
  Menkaure (D:5)
  Duvessa (D:5)
  A water moccasin (D:5)
  A sky beast (D:4)
  Blork the orc (D:5)
  Dowan (D:5)
  A bombardier beetle (D:5)
  A hound (D:4)
  2 gnoll boudas
  An orc priest (D:5)
  An iguana (D:5)
  3 orc wizards
  12 gnolls
  7 adders
  A ribbon worm (D:3)
  A dart slug (D:1)
  14 orcs
  4 ball pythons
  6 endoplasms
  4 giant cockroaches
  10 goblins
  7 hobgoblins
  2 quokkas
  4 bats
  2 frilled lizards
  4 kobolds
  4 rats
97 creatures vanquished.

Notes
Turn   | Place    | Note
-------+----------+-------------------------------------------
     0 | D:1      | DryNick the Mountain Dwarf Earth Elementalist began the
                  | quest for the Orb.
     0 | D:1      | Reached XP level 1. HP: 14/14 MP: 3/3
   235 | D:1      | Reached skill level 1 in Conjurations
   512 | D:1      | Found a faded altar of an unknown god.
   521 | D:1      | Reached XP level 2. HP: 22/22 MP: 1/4
  1019 | D:2      | Reached skill level 1 in Fighting
  1019 | D:2      | Reached skill level 1 in Armour
  1019 | D:2      | Reached XP level 3. HP: 28/28 MP: 3/6
  1129 | D:2      | Learned a level 3 spell: Stone Arrow
  1175 | D:2      | Reached skill level 4 in Earth Magic
  1245 | D:2      | Reached XP level 4. HP: 35/35 MP: 3/7
  1460 | D:2      | Identified the +2 mace of Qank {elec, *Rage Str+8 Dex+3}
  2318 | D:3      | Found a transporter.
  2497 | D:3      | Found a transporter.
  3004 | D:4      | Reached XP level 5. HP: 41/41 MP: 5/8
  3072 | D:4      | Found a staircase to the Ecumenical Temple.
  3163 | Temple   | Entered the Ecumenical Temple
  3250 | Temple   | Became a worshipper of Vehumet
  3282 | Temple   | Reached skill level 5 in Earth Magic
  3686 | D:4      | Found a hazy altar of Hepliaklqana.
  3687 | D:4      | Found a shadowy altar of Dithmenos.
  3687 | D:4      | Noticed a shadow
  3714 | D:4      | Reached XP level 6. HP: 50/50 MP: 10/10
  3764 | D:4      | Found a stormy altar of Qazlal.
  3764 | D:4      | Noticed a sky beast
  3776 | D:4      | Killed a sky beast
  4143 | D:5      | Entered Level 5 of the Dungeon
  4254 | D:5      | Noticed Blork the orc
  4256 | D:5      | Noticed Duvessa
  4547 | D:5      | Noticed a water moccasin
  4562 | D:5      | Killed a water moccasin
  4563 | D:5      | Reached skill level 6 in Earth Magic
  4563 | D:5      | Reached XP level 7. HP: 45/57 MP: 11/11
  4922 | D:5      | Found a snail-covered altar of Cheibriados.
  4923 | D:5      | Noticed Dowan
  4942 | D:5      | Killed Duvessa
  4947 | D:5      | Killed Dowan
  5032 | D:5      | Noticed Menkaure
  5081 | D:5      | Gained mutation: Your spells are a little easier to cast,
                  | but a little less powerful. [potion of mutation]
  5081 | D:5      | Gained mutation: You expend magic power (3 MP) to
                  | strengthen your wands. [potion of mutation]
  5083 | D:5      | Killed Blork the orc
  5428 | D:5      | HP: 2/59 [Menkaure (8)]
  5429 | D:5      | Killed Menkaure
  5430 | D:5      | Reached skill level 7 in Earth Magic
  5553 | D:5      | Reached XP level 8. HP: 36/66 MP: 10/13
  6067 | D:6      | HP: 3/67 [ogre/+0 giant club (10)]
  6068 | D:6      | Demolished by an ogre

Illustrated notes

Levels and vault maps discovered:
D:1:      dpeg_arrival_arbitrary_a, layout_loops_ring,
          hellmonk_ecumenical_altar_blasted
D:2:      layout_rooms, serial_forest, infiniplex_forest_lined_corner,
          infiniplex_forest_clump_C, infiniplex_forest_clump_curved,
          infiniplex_forest_straight_2, infiniplex_forest_lined_4_way,
          infiniplex_forest_lined_room_2, infiniplex_forest_zigzag_1,
          infiniplex_forest_lined_3
D:3:      gammafunk_wand_slinger, layout_basic, minmay_goblin_outpost
D:4:      layout_loops_ring, nicolae_qazlal_beasts_of_the_sky,
          riverfiend_overflow_shadow_ancestor, minmay_temple_entry_stoned_glass,
          minmay_misc_feat_ornament
D:5:      layout_basic, mainiacjoe_overflow_cross_hatched, uniq_blork_the_orc,
          uniq_menkaure, uniq_duvessa
D:6:      layout_loops_ring, mainiacjoe_overflow_surrounded_room
Temple:   dpeg_chambers_temple

Skill      XL: |  1  2  3  4  5  6  7 |
---------------+----------------------+-----
Conjurations   | 1 |  1.0
Spellcasting   | 2 3 |  3.8
Fighting       | 1 2 3 4 |  4.3
Armour         | 1 2 3 4 |  4.2
Earth Magic    | 4 5 6 7 |  7.3
Dodging        | |  1.4
Stealth        | |  1.4

Action                     |  1- 3 |  4- 6 |  7- 9 || total
---------------------------+-------+-------+-------++-------
  Melee: Short sword       |     7 |       |       ||     7
         Dagger            |     4 |    30 |    15 ||    49
         Mace              |       |     4 |       ||     4
         War axe           |       |       |    21 ||    21
   Cast: Sandblast         |    34 |    90 |    37 ||   161
         Stone Arrow       |       |       |     6 ||     6
    Use: Potion            |       |     2 |     4 ||     6
         Scroll            |       |     6 |     1 ||     7
   Stab: Sleeping          |       |     1 |       ||     1
 Armour: Ring mail         |    11 |    89 |    71 ||   171
         Robe              |     4 |       |       ||     4
  Dodge: Dodged            |    16 |    58 |    28 ||   102

Table legend: (Time is in decaauts)
 A = Elapsed time spent in this place.
 B = Non-inter-level travel time spent in this place.
 C = Inter-level travel time spent in this place.
 D = Time resting spent in this place.
 E = Time spent auto-exploring this place.
 F = Levels seen in this place.
 G = Mean time per level.
                   A        B        C        D        E       F      G
               +--------+--------+--------+--------+--------+-----+--------+
         Total |   6159 |   5761 |    398 |    865 |   3922 |   7 |  879.9 |
       Dungeon |   5834 |   5472 |    362 |    679 |   3863 |   6 |  972.3 |
        Temple |    324 |    288 |     36 |    186 |     59 |   1 |  324.0 |
               +--------+--------+--------+--------+--------+-----+--------+

Top non-repeatable levels by time:
     D:5: 1872 daAuts
     D:2: 1099 daAuts
     D:4: 1018 daAuts
     D:1: 951 daAuts
     D:3: 879 daAuts
  Temple: 324 daAuts
     D:6: 12 daAuts
